 Dungeon Crawl Stone Soup version 0.20-a0-864-g92acfd1 (webtiles) character file.

4302 JeffiDaFish the Geomancer (level 10, -7/56 HPs)
             Began as a Gargoyle Earth Elementalist on Mar 13, 2017.
             Was an Initiate of Sif Muna.
             Mangled by an orc warrior
             ... wielding a +0 trident
              (19 damage)
             ... on level 7 of the Dungeon.
             The game lasted 00:41:19 (8195 turns).

JeffiDaFish the Geomancer (GrEE)                    Turns: 8195, Time: 00:41:20

Health: -7/56      AC: 17    Str: 12 (13) XL:     10   Next: 32%
Magic:  13/20      EV: 12    Int: 13 (15) God:    Sif Muna [......]
Gold:   303        SH:  9    Dex: 12 (13) Spells: 9/22 levels left

rFire    x . .     SeeInvis .   q - +2 trident (flame)
rCold    + . .     Gourm    .   o - +2 leather armour {MR+}
rNeg     + . .     Faith    .   p - +0 buckler
rPois    ∞         Spirit   .   a - +0 helmet
rElec    +         Reflect  +   n - +2 cloak {MR+}
rCorr    .         Harm     .   y - +0 pair of gloves
MR       +++..                  (no boots)
Stlth    ++........             l - +4 amulet of reflection
Regen    0.2/turn               (no ring)
MPRegen  0.2/turn               j - ring of ice

@: very slightly contaminated
A: magic resistance 1, negative energy resistance 1, electricity resistance,
unbreathing, petrification resistance, rot immunity, sturdy frame 1, AC +7
a: Renounce Religion


You were on level 7 of the Dungeon.
You worshipped Sif Muna.
Sif Muna was noncommittal.
You were near starving.

You visited 2 branches of the dungeon, and saw 9 of its levels.

You collected 303 gold pieces.

Inventory:

Hand Weapons
 q - a +2 trident of flaming (weapon)
Missiles
 b - 240 stones (quivered)
Armour
 a - a +0 helmet (worn)
 n - a +2 cloak of magic resistance (worn)
 o - a +2 leather armour of magic resistance (worn)
 p - a +0 buckler (worn)
 y - a +0 pair of gloves (worn)
Jewellery
 j - a ring of ice (left hand)
 l - a +4 amulet of reflection (around neck)
Wands
 v - a wand of acid (4/15)
 x - a wand of paralysis (16/24)
Scrolls
 g - 4 scrolls of remove curse
 i - 2 scrolls of identify
 w - a scroll of teleportation
 z - a scroll of fear
Potions
 f - a potion of might
 k - 4 potions of curing
 m - 4 potions of flight
 r - a potion of magic
 A - a potion of agility
Books
 e - a book of Geomancy

   Spells                             Type                      Level
   a - Sandblast                      Earth                        1
   b - Passwall                       Transmutation/Earth          2
   c - Stone Arrow                    Conjuration/Earth            3
   d - Petrify                        Transmutation/Earth          4
   e - Lee's Rapid Deconstruction     Earth                        5
 s - the Guide on the Escort
   (You found it on level 5 of the Dungeon)

   Spells                             Type                      Level
   a - Call Canine Familiar           Summoning                    3
   b - Shadow Creatures               Summoning                    6
 u - a book of Flames

   Spells                             Type                      Level
   a - Flame Tongue                   Conjuration/Fire             1
   b - Throw Flame                    Conjuration/Fire             2
   c - Conjure Flame                  Conjuration/Fire             3
   d - Inner Flame                    Hexes/Fire                   3
   e - Sticky Flame                   Conjuration/Fire             4
   f - Fireball                       Conjuration/Fire             5
Comestibles
 c - 2 fruits
 d - 8 bread rations
 h - 2 royal jellies
 t - 2 meat rations


   Skills:
 + Level 4.0 Fighting
 + Level 2.6 Polearms
 - Level 3.7 Armour
 + Level 2.8 Dodging
 - Level 2.4 Stealth
 - Level 6.7 Shields
 - Level 0.4 Unarmed Combat
 * Level 6.7 Spellcasting
 + Level 3.8 Conjurations
 * Level 2.4 Transmutations
 * Level 9.6 Earth Magic


You had 9 spell levels left.
You knew the following spells:

 Your Spells              Type           Power        Failure   Level  Hunger
a - Sandblast             Erth           ####..       1%          1    None
b - Stone Arrow           Conj/Erth      ###...       3%          3    ###....
c - Lee's Rapid Deconstr  Erth           ####......   12%         5    ######.
d - Petrify               Tmut/Erth      ###.....     14%         4    ####...


Dungeon Overview and Level Annotations

Branches:
Dungeon (8/15)             Temple (1/1) D:7
   Lair: D:8-11

Altars:
Cheibriados
Dithmenos
Elyvilon
Fedhas
Gozag
Hepliaklqana
Kikubaaqudgha
Makhleb
Nemelex Xobeh
Okawaru
Ru
Sif Muna
Trog
Uskayaw
Vehumet
Xom
Yredelemnul
Zin
The Shining One

Shops:
D:4 }   D:8 (


Innate Abilities, Weirdness & Mutations

You are resistant to torment.
Your stone body is resilient. (AC +7)
You are immune to poison.
You resist negative energy. (rN+)
You are resistant to electric shocks. (rElec)
You can survive without breathing.
You are immune to petrification.
You are immune to rotting.
You are resistant to hostile enchantments. (MR+)
Your movements are slightly less encumbered by armour. (ER -2)


Message History

You block the orc warrior's attack.
Casting: Sandblast
Confirm with . or Enter, or press ? or * to list all spells.
Aiming: Petrify
Press: ? - help, Shift-Dir - straight line, f - orc warrior
Aim: an orc warrior, wielding a trident and wearing a plate armour (moderately wounded, chance to defeat MR: 50%)
You miscast Petrify.
You are very lightly contaminated with residual magic.
Sand pours from your hands.
The orc warrior hits you from afar with a trident!
* * * LOW HITPOINT WARNING * * *
Casting: Petrify
Confirm with . or Enter, or press ? or * to list all spells.
Aiming: Stone Arrow
Press: ? - help, Shift-Dir - straight line, f/p - orc warrior
Aim: an orc warrior, wielding a trident and wearing a plate armour (moderately wounded)
The stone arrow misses the orc warrior.
You are near starving!
The orc warrior hits you from afar with a trident!!
You die...

#.# #########.......# #.#
#.>.....######.## #.# #.......#
####.#### #.# #.......#
#.......#### #.# #......>#
#.##.##....#### #.# #.....o.#
#.##.##.#...... ###.# #.......#
#.#..##.#..[≈≈≈ #...#
####.######.#.###.#..≈≈§§ #†###
#..o†@...#.###.##§≈≈≈§
#.################.........≈≈§>≈
#.##...........# #.#.#####.≈≈≈≈≈
#.##.###.......# #.#..# #..≈≈§§
#.........###..###.##.#####..≈≈≈
#####.##...# #........_..#####.##
...##.###..###..######.#....##.##
##.##.###.......# #.#.##.##.##
#.##........#### #......##...


You could see an orc warrior.

Vanquished Creatures
  Pikel (D:5)
  Joseph (D:7)
  The ghost of particleface the Archer, a novice CeHu of Okawaru (D:5)
  Sigmund (D:3)
  A spriggan (D:7)
  Eustachio (D:5)
  A steam dragon (D:5)
  A hungry ghost (D:3)
  Menkaure (D:6)
  Edmund (D:4)
  Duvessa (D:3)
  A sky beast (D:7)
  3 ice beasts
  An orc warrior (D:6)
  A black bear (D:6)
  A slave (D:5)
  A necrophage (D:5)
  2 ogres
  A big kobold (D:7)
  Blork the orc (D:6)
  2 bullfrogs
  Dowan (D:3)
  A howler monkey (D:6)
  A bullfrog zombie (D:6)
  2 crimson imps
  4 hounds
  5 orc priests
  A bullfrog skeleton (D:8)
  2 iguanas
  4 worker ants
  Natasha (thrice) (D:7)
  6 orc wizards
  A hound skeleton (D:5)
  A worker ant zombie (D:5)
  4 adders
  A gnoll (D:5)
  2 oozes
  3 worms (D:2)
  3 dart slugs (D:2)
  3 leopard geckos
  16 orcs
  A ball python (D:2)
  4 giant cockroaches
  10 goblins
  6 hobgoblins
  2 jackals (D:5)
  A quokka (D:3)
  7 bats
  4 frilled lizards
  A jackal zombie (D:6)
  11 kobolds
  A quokka skeleton (D:5)
  7 rats
  A fungus (D:1)
145 creatures vanquished.

Vanquished Creatures (others)
  2 slaves (D:6)
  A centaur (D:4)
  2 orcs (D:6)
  A kobold (D:7)
6 creatures vanquished.

Grand Total: 151 creatures vanquished

Notes
Turn   | Place    | Note
-------+----------+-------------------------------------------
     0 | D:1      | JeffiDaFish the Gargoyle Earth Elementalist began the quest for the Orb.
     0 | D:1      | Reached XP level 1. HP: 10/10 MP: 3/3
   216 | D:1      | Reached skill level 4 in Earth Magic
   216 | D:1      | Reached XP level 2. HP: 6/15 MP: 1/5
  1196 | D:2      | Reached XP level 3. HP: 18/19 MP: 4/6
  1359 | D:2      | Learned a level 3 spell: Stone Arrow
  1449 | D:2      | Found a shadowy altar of Dithmenos.
  1942 | D:2      | Reached XP level 4. HP: 23/24 MP: 7/7
  2168 | D:3      | Noticed Sigmund
  2179 | D:3      | Killed Sigmund
  2179 | D:3      | Reached skill level 1 in Fighting
  2179 | D:3      | Reached skill level 1 in Armour
  2179 | D:3      | Reached skill level 5 in Earth Magic
  2179 | D:3      | Reached XP level 5. HP: 17/30 MP: 4/9
  2179 | D:3      | Reached XP level 6. HP: 20/35 MP: 4/10
  2594 | D:3      | Learned a level 5 spell: Lee's Rapid Deconstruction
  2805 | D:3      | Noticed a hungry ghost
  2834 | D:3      | Killed a hungry ghost
  3449 | D:3      | Reached skill level 1 in Polearms
  3449 | D:3      | Reached XP level 7. HP: 40/40 MP: 10/12
  3556 | D:4      | Noticed Duvessa
  3560 | D:4      | Noticed Dowan
  3561 | D:4      | Noticed Edmund
  3598 | D:3      | Killed Duvessa
  3598 | D:3      | Reached skill level 6 in Earth Magic
  3606 | D:3      | Killed Dowan
  3744 | D:4      | Noticed Natasha
  3779 | D:4      | Killed Edmund
  4051 | D:4      | Reached XP level 8. HP: 36/45 MP: 4/14
  4108 | D:4      | Reached skill level 7 in Earth Magic
  4248 | D:4      | Found Revufoz's Gadget Emporium.
  4313 | D:4      | Found a glowing golden altar of the Shining One.
  4386 | D:5      | Entered Level 5 of the Dungeon
  4393 | D:5      | Identified the Guide on the Escort
  4787 | D:5      | Reached skill level 1 in Shields
  5000 | D:5      | Reached skill level 5 in Spellcasting
  5016 | D:5      | Noticed particleface's ghost (novice CeHu)
  5047 | D:5      | Killed particleface's ghost
  5047 | D:5      | Reached skill level 8 in Earth Magic
  5047 | D:5      | Reached XP level 9. HP: 25/50 MP: 3/17
  6052 | D:6      | Noticed Eustachio
  6052 | D:6      | Noticed Pikel
  6065 | D:5      | Killed Eustachio
  6065 | D:5      | Reached skill level 5 in Shields
  6153 | D:5      | Learned a level 4 spell: Petrify
  6181 | D:5      | Killed Pikel
  6254 | D:6      | Noticed Blork the orc
  6269 | D:6      | Killed Blork the orc
  6270 | D:6      | Noticed Menkaure
  6305 | D:6      | Killed Menkaure
  6305 | D:6      | Reached skill level 9 in Earth Magic
  6353 | D:6      | Reached skill level 1 in Transmutations
  6454 | D:6      | Gained mutation: Your movements are slightly less encumbered by armour. (ER -2) [potion of mutation]
  6454 | D:6      | Gained mutation: You are resistant to hostile enchantments. (MR+) [potion of mutation]
  6515 | D:6      | Found a hazy altar of Hepliaklqana.
  7007 | D:7      | Noticed Joseph
  7028 | D:7      | Killed Joseph
  7028 | D:7      | Reached XP level 10. HP: 30/56 MP: 0/19
  7215 | D:7      | Found a blossoming altar of Fedhas.
  7322 | D:7      | Killed Natasha
  7420 | D:7      | Found a glowing silver altar of Zin.
  7483 | D:7      | Found a staircase to the Ecumenical Temple.
  7534 | Temple   | Entered the Ecumenical Temple
  7610 | Temple   | Became a worshipper of Sif Muna the Loreminder
  7683 | D:7      | Noticed Natasha
  7688 | D:7      | Killed Natasha
  7848 | D:7      | Noticed Natasha
  7865 | D:7      | Killed Natasha
  8045 | D:8      | Found Tittiad's Weapon Emporium.
  8195 | D:7      | Mangled by an orc warrior

Vault maps used:
D:1:      dpeg_cavernosity
D:2:      nicolae_dithmenos_shadow_blocks
D:3:      first_bread, grunt_ministairs_7, uniq_sigmund
D:4:      kennysheep_little_box, serial_shops, nicolae_shop_behind_doors,
          uniq_natasha, uniq_edmund, uniq_duvessa
D:5:      kennysheep_six_static_rooms
D:6:      lemuel_coloured_pillars_altar, st_stairs_10, uniq_eustachio,
          uniq_blork_the_orc, uniq_pikel, uniq_menkaure
D:7:      overflow_temple_1_default, lemuel_crystal_altar,
          minmay_temple_entry_mist, st_stairs_13, the_bakery, uniq_joseph
D:8:      marbit_many_paths, old_standard_altar, lemuel_crystal_altar,
          serial_shops, shop_statue, uniq_erica
Temple:   zaba_magenta_temple

Skill      XL: |  1  2  3  4  5  6  7  8  9 10 |
---------------+-------------------------------+-----
Earth Magic    | 4 5 6 8 9 |  9.6
Dodging        | 2 |  2.8
Fighting       | 1 2 3 4 |  4.0
Armour         | 1 2 3 |  3.7
Conjurations   | 2 3 |  3.8
Spellcasting   | 3 4 5 6 |  6.7
Polearms       | 1 2 |  2.6
Shields        | 4 6 |  6.7
Transmutations | 2 |  2.4
Stealth        | |  2.4
Unarmed Combat | |  0.4

Action                   |  1- 3 |  4- 6 |  7- 9 | 10-12 || total
-------------------------+-------+-------+-------+-------++-------
Melee: Unarmed           |    41 |       |       |       ||    41
       Dagger            |    50 |    13 |       |       ||    63
       Trident           |       |    62 |   140 |   103 ||   305
       Spear             |       |       |   136 |       ||   136
 Cast: Sandblast         |    22 |     6 |    19 |     4 ||    51
       Stone Arrow       |     3 |     4 |    50 |     3 ||    60
       Petrify           |       |       |     5 |     7 ||    12
       Lee's Rapid Decon |       |       |     5 |     3 ||     8
  Use: Scroll            |     7 |     6 |    11 |       ||    24
       Potion            |     3 |     4 |     2 |       ||     9
 Stab: Sleeping          |     2 |     1 |     3 |     1 ||     7
       Petrified         |       |       |     1 |     5 ||     6
       Distracted        |       |       |     1 |     1 ||     2
  Eat: Chunk             |     4 |     5 |    18 |     5 ||    32
       Royal jelly       |       |     2 |     1 |       ||     3
       Fruit             |       |       |       |     1 ||     1
Armor: Robe              |    41 |       |       |       ||    41
       Leather armour    |     1 |    20 |   114 |    47 ||   182
       Ring mail         |       |     3 |    13 |       ||    16
Dodge: Dodged            |    77 |    41 |   145 |    35 ||   298
Block: Other             |       |     7 |    10 |       ||    17
       Reflection        |       |       |     5 |     6 ||    11
       Buckler           |       |       |    80 |    56 ||   136
